 Dungeon Crawl Stone Soup version 0.28.0 (webtiles) character file.

Game seed: 1925466220944142005

721 browni3141 the Chopper (level 7, 0/63 HPs)
             Began as a Minotaur Berserker on Feb 17, 2022.
             Was a Priest of Trog.
             Succumbed to a scorpion's poison
             ... in an ossuary.
             The game lasted 00:01:39 (3281 turns).

browni3141 the Chopper (Minotaur Berserker)         Turns: 3281, Time: 00:01:39

Health: 0/63       AC:  2    Str: 24    XL:     7   Next: 42%
Magic:  6/6        EV: 12    Int:  4    God:    Trog [***...]
Gold:   44         SH:  0    Dex:  9    Spells: 6/6 levels left

rFire   . . .      SeeInvis .   j - +0 war axe
rCold   . . .      Faith    .   (no shield)
rNeg    . . .      Spirit   .   b - +0 animal skin
rPois   .          Reflect  .   (helmet restricted)
rElec   .          Harm     .   (no cloak)
rCorr   .          Rampage  .   (no gloves)
Will    .....                   (no boots)
Stlth   +.........              (no amulet)
HPRegen 0.20/turn               (no ring)
MPRegen 0.10/turn               (no ring)

@: lethally poisoned (0 -> -4), on berserk cooldown, slowed, very slow
A: horns 2, retaliatory headbutt
a: Renounce Religion, Berserk, Trog's Hand


You were in an ossuary.
You worshipped Trog.
Trog was most pleased with you.
You visited 1 branch of the dungeon, and saw 6 of its levels.
You also visited: Ossuary.

You collected 44 gold pieces.


Innate Abilities, Weirdness & Mutations

You have a pair of horns on your head.
You reflexively headbutt those who attack you in melee.


   Skills:
 + Level 6.0 Fighting
 * Level 7.9 Axes
 + Level 5.4 Armour
 - Level 2.1 Dodging


You had 6 spell levels left.
You didn't know any spells.
Your spell library was empty.

Inventory:

Hand Weapons
 a - a +0 hand axe
 j - a +0 war axe (weapon)
Armour
 b - a +0 animal skin (worn)
Scrolls
 c - a scroll of noise {unknown}
 e - a scroll of teleportation {unknown}
 f - 2 scrolls of identify {unknown}
 g - a scroll of enchant weapon {unknown}
 l - a scroll of enchant armour {unknown}
 m - a scroll of blinking {unknown}
Potions
 d - 2 potions of mutation {unknown}
 h - 2 potions of attraction {unknown}
 i - a potion of brilliance {unknown}
 k - a potion of curing {unknown}

Dungeon Overview and Level Annotations

Branches:
Dungeon (6/15)             Temple (0/1) D:5         Ossuary (1/1)

Altars:
¦...........¦ ........... ¦¦¦8.....8¦¦¦ ¦...........¦ ¦...........¦ ¦.....8.....¦ ¦.....¦.....¦ ¦.....¦.....¦ ¦¦@¦¦¦¦¦¦¦'¦¦¦¦¦¦¦¦

¦...¦.!M¦...¦...¦..
¦...'..?¦...'...8..
¦...¦.??¦...¦......
¦¦¦¦¦¦¦¦¦¦¦¦¦¦8...8
¦...¦...¦...¦......
¦.∩.'...8...¦..†8..
¦...¦.......¦...¦..
¦¦'¦¦¦8...8¦¦¦'¦¦¦¦


There were no monsters in sight!


Message History

The scorpion is heavily wounded.
* * * LOW HITPOINT WARNING * * *
You feel very sick. The scorpion stings you.
* * * LOW HITPOINT WARNING * * *
You slash the scorpion!
You feel the power of Trog in you as your rage grows.
You kill the scorpion!
Trog accepts your kill.
* * * LOW HITPOINT WARNING * * *
You feel sick.
Your Fighting skill increases to level 6!
* * * LOW HITPOINT WARNING * * *
You feel sick.
There is a lethal amount of poison in your body!
There is a lethal amount of poison in your body!
You feel a strong urge to attack something.
* * * LOW HITPOINT WARNING * * *
You feel sick.
There is an open door here.
You are too berserk!
* * * LOW HITPOINT WARNING * * *
You feel sick.
You feel your anger nearly subside.
* * * LOW HITPOINT WARNING * * *
You feel sick.
You are no longer berserk.
You are exhausted.
You feel yourself slow down.
You die...

Skill      XL: |  1  2  3  4  5  6  7 |
---------------+----------------------+-----
Axes           | 4 5 6 7 |  7.9
Fighting       | 4 5 6 |  6.0
Armour         | 3 4 5 |  5.4
Dodging        | |  2.1

Action                   |  1- 3 |  4- 6 |  7- 9 || total
-------------------------+-------+-------+-------++-------
Melee: Hand axe          |    92 |    26 |       ||   118
       Headbutt          |    12 |    14 |       ||    26
       Punch             |     1 |     2 |       ||     3
       War axe           |       |    45 |    13 ||    58
Invok: Berserk           |       |     2 |     1 ||     3
Armor: Animal skin       |    16 |    15 |     3 ||    34
Dodge: Dodged            |    61 |    46 |     7 ||   114

Levels and vault maps discovered:
D:1:      scummos_arrival_star, layout_rooms, chequers_ecumenical_altar_island,
          minmay_tromino_v7
D:2:      layout_loops_ring, minmay_indecisive_spiral, uniq_jessica
D:3:      kennysheep_the_goblin_king, layout_loops_cross,
          mainiacjoe_overflow_alcove_2
D:4:      layout_rooms, amcnicky_altar_gilded, enter_ossuary_5,
          grunt_decor_clamped
D:5:      layout_rooms, grunt_gozag_breadcrumbs,
          minmay_temple_entry_statues_fountains
D:6:      old_forge, layout_gridville, okawaru_trees_2, lemuel_tele_altar,
          uniq_maggie
Ossuary:  ossuary_minmay_scorpions

Notes
Turn   | Place    | Note
-------+----------+-------------------------------------------
     0 | D:1      | browni3141 the Minotaur Berserker began the quest for the
                  | Orb.
     0 | D:1      | Reached XP level 1. HP: 19/19 MP: 0/0
   156 | D:1      | Reached skill level 4 in Axes
   233 | D:1      | Reached XP level 2. HP: 17/27 MP: 1/1
   639 | D:1      | Found a faded altar of an unknown god.
   647 | D:1      | Reached skill level 4 in Fighting
   765 | D:2      | Reached ** piety under Trog
   840 | D:2      | Reached XP level 3. HP: 27/33 MP: 2/2
   923 | D:2      | Reached skill level 3 in Armour
  1360 | D:2      | Noticed Jessica
  1365 | D:2      | Killed Jessica
  1366 | D:2      | Reached skill level 5 in Axes
  1366 | D:2      | Reached XP level 4. HP: 32/41 MP: 3/3
  2304 | D:3      | You fall into a shaft and drop 3 floors!
  2324 | D:5      | Entered Level 5 of the Dungeon
  2324 | D:5      | Found a staircase to the Ecumenical Temple.
  2341 | D:5      | Reached XP level 5. HP: 36/47 MP: 4/4
  2532 | D:4      | Reached skill level 6 in Axes
  2532 | D:4      | Reached skill level 4 in Armour
  2660 | D:4      | Reached *** piety under Trog
  2661 | D:4      | Reached skill level 5 in Fighting
  2706 | D:4      | Found a sand-covered staircase.
  2710 | Ossuary  | Entered an ossuary
  2727 | Ossuary  | Reached XP level 6. HP: 15/56 MP: 5/5
  3162 | Ossuary  | Reached skill level 7 in Axes
  3171 | Ossuary  | Reached skill level 5 in Armour
  3171 | Ossuary  | Reached XP level 7. HP: 57/62 MP: 6/6
  3275 | Ossuary  | HP: 7/93 [scorpion (5)]
  3277 | Ossuary  | Reached skill level 6 in Fighting
  3278 | Ossuary  | HP: 3/94 [poisoned by a scorpion]
  3280 | Ossuary  | HP: 1/94 [poisoned by a scorpion]
  3281 | Ossuary  | Succumbed to a scorpion's poison

Vanquished Creatures
  5 scorpions (Ossuary)
  A bullfrog zombie (D:5)
  4 centaur zombies (Ossuary)
  Jessica (D:2)
  2 iguanas
  2 scorpion zombies (Ossuary)
  A hound zombie (D:5)
  A mummy (Ossuary)
  3 adders
  3 worms (D:2)
  A dart slug (D:2)
  8 endoplasms
  5 giant cockroaches
  A gnoll zombie (Ossuary)
  5 hobgoblins
  9 jackals
  A quokka (D:2)
  5 ball pythons
  6 bats
  4 frilled lizards
  4 goblins
  A hobgoblin zombie (Ossuary)
  7 kobolds
  An orc zombie (Ossuary)
  2 rats
83 creatures vanquished.

Table legend: (Time is in decaauts)
 A = Elapsed time spent in this place.
 B = Non-inter-level travel time spent in this place.
 C = Inter-level travel time spent in this place.
 D = Time resting spent in this place.
 E = Time spent auto-exploring this place.
 F = Levels seen in this place.
 G = Mean time per level.
                   A        B        C        D        E       F      G
               +--------+--------+--------+--------+--------+-----+--------+
         Total |   3323 |   3224 |     99 |    263 |   2483 |   7 |  474.7 |
       Dungeon |   2725 |   2626 |     99 |      0 |   2204 |   6 |  454.2 |
       Ossuary |    597 |    597 |      0 |    263 |    279 |   1 |  597.0 |
               +--------+--------+--------+--------+--------+-----+--------+

Top non-repeatable levels by time:
     D:2: 1375 daAuts
     D:1: 758 daAuts
 Ossuary: 597 daAuts
     D:4: 280 daAuts
     D:3: 183 daAuts
     D:5: 109 daAuts
     D:6: 19 daAuts

Table legend:
 A = Non-vault XP
 B = Vault XP
 C = Vault XP percentage of total XP
 D = Non-vault monster count
 E = Vault monster count
 F = Vault count percentage of total count
                 A         B        C        D         E       F
            +---------+---------+-------+---------+---------+-------
      Total |     283 |     747 |  72.5 |      60 |      23 |  27.7
            +---------+---------+-------+---------+---------+-------
        D:1 |      26 |       6 |  18.8 |      19 |       3 |  13.6
        D:2 |      92 |      43 |  31.9 |      32 |       5 |  13.5
        D:3 |       7 |       0 |   0.0 |       4 |       0 |   0.0
        D:4 |      53 |       0 |   0.0 |       2 |       0 |   0.0
        D:5 |     105 |       0 |   0.0 |       3 |       0 |   0.0
    Ossuary |       0 |     698 | 100.0 |       0 |      15 | 100.0
            +---------+---------+-------+---------+---------+-------
